 Dungeon Crawl Stone Soup version 0.22-a0-422-g9628fc8 (webtiles) character file.

210 iamserjio the Changer (level 5, 0/25 HPs)
             Began as a Spriggan Transmuter on May 22, 2018.
             Slain by a leopard gecko skeleton (3 damage)
             ... on level 4 of the Dungeon.
             The game lasted 00:07:49 (3949 turns).

iamserjio the Changer (Spriggan Transmuter)         Turns: 3949, Time: 00:07:50

Health: 0/25       AC:  2    Str:  7    XL:     5   Next: 57%
Magic:  5/10       EV: 24    Int: 14    God:
Gold:   115        SH:  0    Dex: 22    Spells: 4/10 levels left

rFire    . . .     SeeInvis +     - Unarmed
rCold    . . .     Gourm    .   (shield currently unavailable)
rNeg     . . .     Faith    .   (armour currently unavailable)
rPois    x         Spirit   .   (helmet currently unavailable)
rElec    .         Reflect  .   (cloak currently unavailable)
rCorr    .         Harm     .   (gloves unavailable)
MR       .....                  (boots unavailable)
Stlth    ++........             (no amulet)
HPRegen  0.08/turn              (no ring)
MPRegen  0.12/turn              (no ring)

@: spider-form (expiring), very slightly contaminated
A: tiny, unfitting armour, see invisible, herbivore, slow metabolism 2
a: End Transformation


You were on level 4 of the Dungeon.
You were hungry.
You were a venomous arachnid creature.
You visited 1 branch of the dungeon, and saw 4 of its levels.

You collected 205 gold pieces.
You spent 90 gold pieces at shops.

Inventory:

Missiles
 a - 37 arrows
Armour
 b - a +0 robe (melded)
 p - a +0 buckler
 q - a +1 hat (melded)
Scrolls
 g - a scroll of enchant armour {unknown}
 h - 5 scrolls of identify
 i - a scroll of remove curse {unknown}
 j - 2 scrolls of enchant weapon {unknown}
 k - a scroll of magic mapping {unknown}
 o - a scroll of amnesia {unknown}
Potions
 c - a potion of might
 l - a potion of flight {unknown}
 m - a potion of mutation {unknown}
 n - 2 potions of curing
Comestibles
 d - 4 rations


   Skills:
 + Level 0.9 Fighting
 + Level 4.5 Dodging
 * Level 3.6 Unarmed Combat
 - Level 3.0 Spellcasting
 * Level 5.1 Transmutations
 - Level 1.1 Poison Magic


You had 4 spell levels left.
You knew the following spells:

 Your Spells              Type           Power        Failure   Level  Hunger
a - Beastly Appendage     Tmut           ###...       10%         1    #......
b - Sticks to Snakes      Tmut           ###.....     13%         2    ##.....
c - Spider Form           Tmut/Pois      ##........   38%         3    ###....

Your spell library contained the following spells:

 Spells                   Type           Power        Failure   Level  Hunger
 Blade Hands              Tmut           ###.......   78%         5    ######.
 Ice Form                 Ice/Tmut       #.......     78%         4    #####..


Dungeon Overview and Level Annotations

Branches:
Dungeon (4/15)
 Temple: D:4-7

Altars:
Elyvilon
Zin

Annotations:
D:4 PegasusDuck's ghost, amateur BaIE


Innate Abilities, Weirdness & Mutations

You are very small and have problems with some larger weapons.
You are too small for most types of armour.
You have supernaturally acute eyesight. (SInv)
You are a herbivore.
((You cover ground extremely quickly.))
You need to consume almost no food.


Message History

You kill the orc!
The leopard gecko skeleton misses you.
You hit the leopard gecko skeleton.
The leopard gecko skeleton is heavily damaged.
The leopard gecko skeleton misses you.
PegasusDuck's ghost (amateur Barachi Ice Elementalist) comes into view.
The leopard gecko skeleton bites you but does no damage.
Your transformation is almost over.
The leopard gecko skeleton misses you.
The leopard gecko skeleton barely misses you.
The leopard gecko skeleton completely misses you.
PegasusDuck's ghost points at you and mumbles some strange words.
The puff of frost misses you.
An ogre comes into view. It is wielding a giant spiked club.
The leopard gecko skeleton bites you.
* * * LOW HITPOINT WARNING * * *
The ogre shouts!
PegasusDuck's ghost promises, "I will read your future in your entrails."
The leopard gecko skeleton bites you.
You die...

# #. ##############
... #..>....$....#
.... #............#
.....#.......)....#
..................#
.......sZ.#.#######
........W.#.#
..........#.#
..........#'#
######.......
##..... #...O..
#.......


You could see an ogre, PegasusDuck's ghost and a leopard gecko skeleton.

Vanquished Creatures
  2 orc priests
  Natasha (D:3)
  An orc wizard (D:3)
  An adder (D:3)
  4 worms
  3 dart slugs (D:1)
  2 leopard geckos
  10 orcs
  4 giant cockroaches
  3 goblins
  4 hobgoblins
  2 jackals (D:1)
  A quokka (D:3)
  8 bats
  3 frilled lizards (D:1)
  6 kobolds
  10 rats
65 creatures vanquished.

Vanquished Creatures (collateral kills)
  A worm (D:3)
  An orc (D:3)
  A goblin (D:3)
  A frilled lizard (D:3)
4 creatures vanquished.

Grand Total: 69 creatures vanquished

Notes
Turn   | Place    | Note
-------+----------+-------------------------------------------
     0 | D:1      | iamserjio the Spriggan Transmuter began the quest for the Orb.
     0 | D:1      | Reached XP level 1. HP: 9/9 MP: 5/5
   289 | D:1      | Reached skill level 3 in Transmutations
   294 | D:1      | Reached XP level 2. HP: 14/14 MP: 4/6
  1010 | D:1      | Reached XP level 3. HP: 15/17 MP: 8/8
  1207 | D:2      | Learned a level 2 spell: Sticks to Snakes
  1211 | D:2      | Learned a level 3 spell: Spider Form
  1321 | D:2      | Found a white marble altar of Elyvilon.
  1577 | D:2      | Found Zin's Purification Station.
  1582 | D:2      | Found a glowing silver altar of Zin.
  1585 | D:2      | Bought a potion of curing for 90 gold pieces
  2321 | D:3      | Reached skill level 4 in Transmutations
  2655 | D:3      | Reached XP level 4. HP: 10/21 MP: 2/9
  3032 | D:3      | Found a faded altar of an unknown god.
  3164 | D:3      | Noticed Natasha
  3176 | D:3      | Killed Natasha
  3483 | D:3      | Reached skill level 1 in Poison Magic
  3483 | D:3      | Reached XP level 5. HP: 21/25 MP: 2/10
  3904 | D:4      | Reached skill level 5 in Transmutations
  3919 | D:4      | Noticed an ogre
  3938 | D:4      | Noticed PegasusDuck's ghost (amateur BaIE)
  3948 | D:4      | Noticed an ogre
  3949 | D:4      | Slain by a leopard gecko skeleton

Vault maps used:
D:1:      minmay_arrival_glassed_features
D:2:      zin_purify, elyvilon_altar_4
D:3:      chequers_ecumenical_altar_simple, nrook_mini_vaults, uniq_natasha
D:4:      first_ration, serial_shops, nicolae_shop_behind_doors,
          amethyst_killhole, trog_book, uniq_robin

Skill      XL: |  1  2  3  4  5 |
---------------+----------------+-----
Transmutations | 3 4 5 |  5.1
Spellcasting   | 3 |  3.0
Unarmed Combat | 3 |  3.6
Dodging        | 4 |  4.5
Poison Magic   | 1 |  1.1
Fighting       | |  0.9

Action                   |  1- 3 |  4- 6 || total
-------------------------+-------+-------++-------
Melee: Unarmed           |   164 |    92 ||   256
       Kick              |     8 |       ||     8
       Headbutt          |     1 |       ||     1
       Punch             |     1 |       ||     1
 Cast: Beastly Appendage |     9 |       ||     9
       Sticks to Snakes  |     4 |     1 ||     5
       Spider Form       |     1 |     8 ||     9
  Use: Scroll            |       |     4 ||     4
 Stab: Sleeping          |       |     2 ||     2
  Eat: Ration            |       |     1 ||     1
Armor: Robe              |    14 |     5 ||    19
       Skin              |       |     2 ||     2
Dodge: Dodged            |   134 |    85 ||   219

Table legend:
 A = Spawn XP
 B = Non-spawn XP
 C = Spawn XP percentage of total XP
 D = Spawn monster count
 E = Non-spawn monster count
 F = Spawn count percentage of total count
 G = Total turns spent on level
                    A         B        C        D         E        F      G
               +---------+---------+-------+---------+---------+-------+---------
         Total |       0 |     301 |   0.0 |       0 |      69 |   0.0 |  3949
               +---------+---------+-------+---------+---------+-------+---------
           D:1 |       0 |      44 |   0.0 |       0 |      24 |   0.0 |  1203
           D:2 |       0 |      17 |   0.0 |       0 |       9 |   0.0 |   815
           D:3 |       0 |     193 |   0.0 |       0 |      33 |   0.0 |  1882
           D:4 |       0 |      47 |   0.0 |       0 |       3 |   0.0 |    49
               +---------+---------+-------+---------+---------+-------+---------
